 Dungeon Crawl Stone Soup version 0.30-a0-1066-g63dfefce0d (webtiles) character file.

Game seed: 5061890635583226909

46 Newt the Shooter (level 3, -2/24 HPs)
             Began as a Kobold Hunter on Apr 12, 2023.
             Shot with a sling bullet by a goblin (3 damage)
             ... on level 2 of the Dungeon.
             The game lasted 00:01:01 (1515 turns).

Newt the Shooter (Kobold Hunter)                    Turns: 1515, Time: 00:01:02

Health: -2/24      AC:  3    Str:  5 (8)  XL:     3   Next: 92%
Magic:  3/3        EV: 14    Int:  8 (10) God:
Gold:   73         SH:  0    Dex: 17 (20) Spells: 2/2 levels left

rFire   + . .      SeeInvis .    a - +1 shortbow
rCold   + . .      Faith    .    (shield currently unavailable)
rNeg    . . .      Spirit   .    c - +0 leather armour
rPois   +          Reflect  .    (no helmet)
rElec   +          Rampage  .    (no cloak)
rCorr   +                        (no gloves)
Will    .....                    (no boots)
Stlth   +++                      (no amulet)
HPRegen 0.24/turn                (no ring)
MPRegen 0.08/turn                (no ring)

@: lethally poisoned (-2 -> -3), resistant
A: small, no large weapons, nightstalker 3
a: no special abilities


You were on level 2 of the Dungeon.
You visited 1 branch of the dungeon, and saw 2 of its levels.

You collected 73 gold pieces.

Inventory:

Hand Weapons
 a - a +1 shortbow (weapon)
Missiles
 k - 4 atropa-tipped darts
Armour
 c - a +0 leather armour (worn)
Scrolls
 b - 2 scrolls of immolation
Potions
 e - a potion of might
 f - a potion of heal wounds {unknown}
 g - a potion of degeneration


   Skills:
 + Level 4.3 Fighting
 - Level 5.3 Ranged Weapons
 - Level 2.4 Dodging
 - Level 1.3 Stealth


You had 2 spell levels left.
You didn't know any spells.
Your spell library was empty.

Dungeon Overview and Level Annotations

Branches:
Dungeon (2/15)

Altars:


Innate Abilities, Weirdness & Mutations

You are small and have problems with some larger weapons.
You are completely attuned to the shadows.


Message History

You shoot an arrow. The arrow barely misses the adder.
The arrow closely misses the goblin.
The adder barely misses you.
The goblin unwields a +0 sling.
The goblin wields a +0 club.
The goblin closely misses you. The adder bites you but does no damage.
You shoot an arrow. The arrow hits the adder!
The adder is severely wounded.
The adder barely misses you. x2; The goblin hits you with a +0 club.
The adder barely misses you.
You shoot an arrow. The arrow hits the adder.
You kill the adder!
The adder closely misses you. The goblin hits you with a +0 club.
The adder bites you but does no damage.
Unknown command.
The goblin attacks as you move away! The goblin hits you but does no damage.
The goblin attacks as you move away!
The goblin hits you with a +0 dagger of speed.
The goblin unwields a +0 club.
The goblin wields a +0 sling.
The goblin shoots a sling bullet.
The sling bullet hits you.
The goblin hits you with a +0 dagger of speed.
The adder attacks as you move away! The adder bites you.
You are poisoned.
The adder poisons you!
You feel sick. The adder closely misses you.
You see here a bat corpse.
Unknown command.
You shoot an arrow. The arrow closely misses the adder.
You feel sick. The adder barely misses you.
The goblin hits you but does no damage. The adder misses you.
Unknown command.
It was a potion of degeneration.
There was something very wrong with that liquid.
You feel weakened.
You feel dopey.
You feel clumsy.
You feel sick.
The goblin shoots a sling bullet.
The sling bullet closely misses you. The goblin hits you with a +0 club.
* * * LOW HITPOINT WARNING * * *
The adder closely misses you.
It was a potion of resistance.
You feel protected.
* * * LOW HITPOINT WARNING * * *
You feel sick.
The goblin shoots a sling bullet.
The sling bullet hits you.
You die...

................
##...#...#.####.....
##........#.# #.....
#.........#.# #.....
...†..#.##..######...
........##.###.....##
.......###.###.######
...g#Sg........# #..
....@......##### ##..
...###.....#######...
#+...................
...#...†.##########
..##....†# .. #.....#
#.....# #.....#
......#


You could see an adder and 2 goblins.

Vanquished Creatures
  An adder (D:2)
  A worm (D:2)
  2 ball pythons (D:1)
  4 endoplasms
  4 giant cockroaches
  2 goblins
  5 hobgoblins
  A quokka (D:1)
  6 bats
  2 kobolds (D:2)
  2 rats
30 creatures vanquished.

Notes
Turn   | Place    | Note
-------+----------+-------------------------------------------
     0 | D:1      | Newt the Kobold Hunter began the quest for the Orb.
     0 | D:1      | Reached XP level 1. HP: 12/12 MP: 1/1
   371 | D:1      | Reached XP level 2. HP: 3/18 MP: 2/2
  1200 | D:2      | Reached XP level 3. HP: 23/23 MP: 3/3
  1515 | D:2      | HP: 1/24 [poisoned by an adder]
  1515 | D:2      | Shot with a sling bullet by a goblin

Illustrated notes

Levels and vault maps discovered:
D:1:      minmay_arrival_four_houses, layout_basic, serial_bayou_pond_e,
          minmay_stone_trees_small, reono_crystal_passage
D:2:      layout_rooms, serial_shops, shop, minivault_11, uniq_terence

Skill      XL: |  1  2  3 |
---------------+----------+-----
Fighting       | 3 4 |  4.3
Ranged Weapons | |  5.3
Dodging        | |  2.4
Stealth        | |  1.3

Action                     || total
---------------------------++-------
   Fire: Shortbow          ||    68
    Use: Scroll            ||     6
         Potion            ||     2
 Armour: Leather armour    ||     9
  Dodge: Dodged            ||    27

Table legend: (Time is in decaauts)
 A = Elapsed time spent in this place.
 B = Non-inter-level travel time spent in this place.
 C = Inter-level travel time spent in this place.
 D = Time resting spent in this place.
 E = Time spent auto-exploring this place.
 F = Levels seen in this place.
 G = Mean time per level.
                   A        B        C        D        E       F      G
               +--------+--------+--------+--------+--------+-----+--------+
         Total |   1535 |   1465 |     70 |    262 |   1054 |   2 |  767.5 |
       Dungeon |   1535 |   1465 |     70 |    262 |   1054 |   2 |  767.5 |
               +--------+--------+--------+--------+--------+-----+--------+

Top non-repeatable levels by time:
     D:1: 1209 daAuts
     D:2: 326 daAuts
